 Dungeon Crawl Stone Soup version 0.29-a0-483-g69413ace17 (webtiles) character file.

Game seed: 13963745764009721306

4935 zeratav the Grappler (level 10, -4/107 HPs)
             Began as a Troll Fighter on May 26, 2022.
             Was a High Priest of Okawaru.
             Slain by a killer bee (6 damage)
             ... on level 10 of the Dungeon.
             The game lasted 00:11:25 (7425 turns).

zeratav the Grappler (Troll Fighter)                Turns: 7425, Time: 00:11:26

Health: -4/107     AC:  7    Str: 30    XL:     10   Next: 27%
Magic:  9/9        EV:  8    Int:  4    God:    Okawaru [*****.]
Gold:   468        SH:  7    Dex:  9    Spells: 9/9 levels left

rFire   . . .      SeeInvis .     - Unarmed
rCold   . . .      Faith    .   b - +0 kite shield
rNeg    . . .      Spirit   .   s - +2 robe {Archmagi}
rPois   .          Reflect  .   (helmet restricted)
rElec   .          Harm     .   v - +0 cloak
rCorr   .          Rampage  .   (gloves unavailable)
Will    .....      Archmagi +   (boots unavailable)
Stlth   +.........              (no amulet)
HPRegen 1.07/turn               (no ring)
MPRegen 0.11/turn               (no ring)

@: no status effects
A: large, unfitting armour, claws 3, regeneration 1, shaggy fur 1, tough skin 1
a: Renounce Religion, Heroism, Finesse, Duel


You were on level 10 of the Dungeon.
You worshipped Okawaru.
Okawaru was extremely pleased with you.
You visited 1 branch of the dungeon, and saw 10 of its levels.

You collected 468 gold pieces.


Innate Abilities, Weirdness & Mutations

You are too large for most types of armour.
You have claws for hands.
Your natural rate of healing is unusually fast.
You are covered in fur. (AC +1)
You have tough skin. (AC +1)


   Skills:
 + Level 9.4 Fighting
 - Level 2.4 Dodging
 - Level 2.6 Shields
 - Level 11.0 Unarmed Combat


You had 9 spell levels left.
You didn't know any spells.
Your spell library contained the following spells:

 Spells                   Type           Power      Damage    Failure   Level
 Freeze                   Ice            0%         1d3       80%         1
 Poisonous Vapours        Pois/Air       0%         N/A       91%         2
 Frozen Ramparts          Ice            0%         1d2       99%         3
 Gell's Gravitas          Tloc           0%         N/A       99%         3
 Lesser Beckoning         Tloc           0%         N/A       99%         3
 Teleport Other           Tloc           0%         N/A       99%         3
 Corpse Rot               Necr/Pois/Air  0%         N/A       100%        4
 Hailstorm                Conj/Ice       0%         3d3       100%        4

Inventory:

Armour
 b - a +0 kite shield (worn)
 j - a +0 robe
   (You found it on level 6 of the Dungeon)
 s - a +2 robe of the Archmagi (worn)
   (You took it off Jessica on level 3 of the Dungeon)
 v - a +0 cloak (worn)
   (You took it off Crazy Yiuf on level 3 of the Dungeon)
 D - a +0 robe
   (You found it on level 7 of the Dungeon)
 G - a +0 robe
   (You took it off a wight on level 8 of the Dungeon)
 H - a +0 robe
   (You took it off a wight on level 8 of the Dungeon)
 I - a +0 robe
   (You took it off a wight on level 8 of the Dungeon)
Jewellery
 u - a ring of fire
   (You found it on level 3 of the Dungeon)
Wands
 B - a wand of iceblast (24)
   (You found it on level 7 of the Dungeon)
 E - a wand of flame (19)
   (You found it on level 7 of the Dungeon)
 F - a wand of polymorph (12)
   (You found it on level 7 of the Dungeon)
Scrolls
 a - a scroll of enchant weapon {unknown}
 e - 2 scrolls of identify {@r1}
 h - a scroll of magic mapping {!r}
 k - 3 scrolls of vulnerability {!r!r}
 l - 4 scrolls of teleportation {@r4}
 o - 2 scrolls of torment {unknown}
 p - a scroll of silence {!r}
 w - 3 scrolls of blinking {unknown}
 x - 2 scrolls of brand weapon {unknown}
 y - a scroll of enchant armour
 J - 3 scrolls of fog {unknown}
Potions
 c - 3 potions of might
 d - 2 potions of heal wounds {unknown}
 f - a potion of flight {unknown}
 g - a potion of invisibility {unknown}
 i - a potion of resistance {unknown}
 m - a potion of degeneration {unknown}
 n - 3 potions of cancellation {unknown}
 q - 7 potions of curing {@q1}
 r - 3 potions of brilliance {unknown}
 t - a potion of mutation {unknown}
 z - a potion of attraction {unknown}
 A - a potion of ambrosia {unknown}
 C - a potion of lignification {unknown}

Dungeon Overview and Level Annotations

Branches:
Dungeon (9/15)             Temple (0/1) D:4
   Lair: D:8-11         Orc: D:9-12

Altars:
Ashenzari
Cheibriados
Fedhas
Okawaru
Sif Muna

Annotations:
D:8 3 runed translucent doors, tasumai's ghost, novice GrBe

#### #..####
###...#.##
#..[....$####
###.....).>##.##
##.........##...#
...........##...#
...#.....##...##
##.@....#..######
#yyy..##...#...###
#......#.........##
.....................
..............|......
......................
##....................
#.#..................
.................


You could see 3 killer bees.


Message History

You barely miss the gargoyle. You scratch the gargoyle.
The gargoyle hits you with a +0 mace!
HP[-16]
You take 16 damage, and now have 58/107 hp.
You scratch the gargoyle but do no damage.
The gargoyle hurls a stone arrow at you.
The stone arrow hits you!
* * * LOW HITPOINT WARNING * * *
HP[-14]
You take 14 damage, and now have 44/107 hp.
You mangle the gargoyle!!
You destroy the gargoyle!
Okawaru is honoured by your kill.
You can now enter into single combat with a foe.
Okawaru will now gift you equipment as you gain piety.
A killer bee comes into view. x2
The killer bee moves out of view.
HP[+1]
A killer bee is nearby!
Unknown command.
You are too injured to fight recklessly!
Unknown command.
HP[+1] MP[+1]
You feel like a meek peon again.
The killer bee buzzes angrily.
A killer bee comes into view.
HP[+1]
The killer bee stings you but does no damage. x3
HP[+1]
You barely miss the killer bee. You block the killer bee's attack.
The killer bee stings you.
* * * LOW HITPOINT WARNING * * *
A killer bee comes into view.
You block the killer bee's attack. The killer bee closely misses you.
You block the killer bee's attack. The killer bee stings you.
* * * LOW HITPOINT WARNING * * *
You are poisoned.
The killer bee poisons you!
HP[-7]
You take 7 damage, and now have 41/107 hp.
The killer bee buzzes angrily.
You mangle the killer bee!!
You kill the killer bee!
Okawaru accepts your kill.
You feel sick. The killer bee stings you.
* * * LOW HITPOINT WARNING * * *
You are more poisoned.
The killer bee poisons you! You block the killer bee's attack. x2
The killer bee stings you.
* * * LOW HITPOINT WARNING * * *
You block the killer bee's attack.
HP[-6]
You take 6 damage, and now have 35/107 hp.
You miss the killer bee.
You feel very sick. The killer bee barely misses you.
The killer bee closely misses you. x2
The killer bee stings you.
* * * LOW HITPOINT WARNING * * *
You are more poisoned.
The killer bee poisons you! The killer bee closely misses you.
The killer bee stings you but does no damage.
HP[-8]
You take 8 damage, and now have 27/107 hp.
You claw the killer bee!
You feel very sick. The killer bee stings you.
* * * LOW HITPOINT WARNING * * *
You are more poisoned.
The killer bee poisons you! You block the killer bee's attack. x2
The killer bee stings you but does no damage.
The killer bee stings you.
* * * LOW HITPOINT WARNING * * *
You are lethally poisoned!
The killer bee poisons you! The killer bee stings you.
* * * LOW HITPOINT WARNING * * *
HP[-15]
You take 15 damage, and now have 12/107 hp.
You feel better. You block the killer bee's attack. The killer bee stings you.
* * * LOW HITPOINT WARNING * * *
You are poisoned.
The killer bee poisons you! You block the killer bee's attack. x2
The killer bee stings you!
* * * LOW HITPOINT WARNING * * *
The killer bee completely misses you.
HP[-7]
You take 7 damage, and now have 5/107 hp.
You feel better. The killer bee barely misses you.
The killer bee stings you but does no damage.
The killer bee barely misses you. You block the killer bee's attack.
The killer bee stings you!
* * * LOW HITPOINT WARNING * * *
You block the killer bee's attack.
HP[+2]
You regained 2 hp, and now have 7/107 hp.
Okay, then.
You closely miss the killer bee. You block the killer bee's attack.
The killer bee stings you.
* * * LOW HITPOINT WARNING * * *
The killer bee stings you.
You die...

Skill      XL: |  1  2  3  4  5  6  7  8  9 10 |
---------------+-------------------------------+-----
Unarmed Combat | 3 4 5 6 7 9 11 | 11.0
Fighting       | 4 8 9 |  9.4
Dodging        | |  2.4
Shields        | |  2.6

Action                   |  1- 3 |  4- 6 |  7- 9 | 10-12 || total
-------------------------+-------+-------+-------+-------++-------
Melee: Unarmed           |    93 |   102 |   275 |    61 ||   531
Invok: Heroism           |       |       |     4 |     2 ||     6
  Use: Scroll            |       |       |     6 |     2 ||     8
       Potion            |       |       |       |     2 ||     2
 Stab: Sleeping          |     1 |       |     1 |       ||     2
Armor: Robe              |    20 |    27 |    83 |    28 ||   158
Dodge: Dodged            |    22 |    31 |    92 |    46 ||   191
Block: Kite shield       |    32 |    31 |    77 |    45 ||   185

Levels and vault maps discovered:
D:1:      evilmike_arrival_plus, layout_loops_ring
D:2:      layout_loops_corners, serial_aquarium, aquarium_bridge_square
          [aquarium_subvault_wall, aquarium_subvault_wall,
          aquarium_subvault_wall, aquarium_subvault_bridge],
          aquarium_bridge_island_small [aquarium_subvault_small_open,
          aquarium_subvault_balcony, aquarium_subvault_balcony,
          aquarium_subvault_bridge, aquarium_subvault_bridge],
          aquarium_window_2, aquarium_window_fake, aquarium_window_2,
          aquarium_view_2d, aquarium_balcony_3b, chequers_mini_garden,
          uniq_robin, uniq_terence
D:3:      layout_basic, mainiacjoe_overflow_catwalk, uniq_crazy_yiuf_cottage,
          uniq_sigmund, uniq_jessica
D:4:      layout_loops_ring, mainiacjoe_overflow_chevrons,
          minmay_temple_entry_waves, minmay_stone_trees_medium
D:5:      minmay_inner_zag, layout_loops_corners, cheibrodos_ashenzari_chains
D:6:      layout_basic
D:7:      layout_basic, tgw_fedhas, small_statue_intersection,
          grunt_ministairs_2
D:8:      layout_basic, chei_slow_surprise, ebering_ghost_rock_garden,
          nicolae_elevator_lobby_plus
D:9:      layout_irregular_city, grunt_dithmenos_smoke_and_mirrors,
          lair_entry_dummy
D:10:     layout_cave_pools, zombieorc1_lemuel, enter_trove_3, uniq_maurice,
          uniq_fannar, uniq_maggie

Notes
Turn   | Place    | Note
-------+----------+-------------------------------------------
     0 | D:1      | zeratav the Troll Fighter began the quest for the Orb.
     0 | D:1      | Reached XP level 1. HP: 22/22 MP: 0/0
     0 | D:1      | magus.rc [v1.9.6]
    97 | D:1      | Reached XP level 2. HP: 29/29 MP: 1/1
   124 | D:1      | Reached skill level 3 in Unarmed Combat
   634 | D:1      | Reached XP level 3. HP: 36/36 MP: 2/2
   731 | D:2      | Noticed Terence
   739 | D:2      | Killed Terence
   740 | D:2      | Reached skill level 4 in Unarmed Combat
   884 | D:2      | Noticed Robin
   887 | D:2      | Reached XP level 4. HP: 37/44 MP: 3/3
   906 | D:2      | Killed Robin
  1032 | D:2      | Reached skill level 5 in Unarmed Combat
  1535 | D:2      | Reached XP level 5. HP: 50/50 MP: 4/4
  1958 | D:3      | Found an iron altar of Okawaru.
  1958 | D:3      | Noticed Sigmund
  1980 | D:3      | HP: 12/50 [something (5)]
  1982 | D:3      | Killed Sigmund
  1983 | D:3      | Reached skill level 6 in Unarmed Combat
  1983 | D:3      | Reached XP level 6. HP: 17/59 MP: 5/5
  1990 | D:3      | Became a worshipper of Warmaster Okawaru
  2190 | D:3      | Identified a +2 robe of the Archmagi
  2190 | D:3      | Noticed Jessica
  2193 | D:3      | Killed Jessica
  2425 | D:3      | HP: 9/59 [gnoll/+0 halberd (9)]
  2504 | D:3      | Reached skill level 7 in Unarmed Combat
  2616 | D:3      | Found a runed translucent door.
  2617 | D:3      | Noticed Crazy Yiuf
  2789 | D:3      | Killed Crazy Yiuf
  3031 | D:4      | Reached XP level 7. HP: 66/66 MP: 6/6
  3177 | D:4      | Reached * piety under Okawaru
  3178 | D:4      | Reached skill level 8 in Unarmed Combat
  3193 | D:4      | Found a staircase to the Ecumenical Temple.
  3332 | D:4      | Found a shimmering blue altar of Sif Muna.
  3802 | D:5      | Entered Level 5 of the Dungeon
  4081 | D:5      | Reached skill level 9 in Unarmed Combat
  4184 | D:5      | Reached XP level 8. HP: 74/74 MP: 7/7
  4427 | D:5      | You pick up a book of Frost and begin reading...
  4427 | D:5      | You add the spells Freeze, Frozen Ramparts and Hailstorm to
                  | your library.
  4482 | D:5      | Reached ** piety under Okawaru
  4716 | D:5      | Reached skill level 10 in Unarmed Combat
  4741 | D:5      | Found a broken altar of Ashenzari.
  5067 | D:6      | You pick up a book of Displacement and begin reading...
  5067 | D:6      | You add the spells Lesser Beckoning, Gell's Gravitas and
                  | Teleport Other to your library.
  5099 | D:6      | Reached skill level 11 in Unarmed Combat
  5108 | D:6      | Reached skill level 3 in Fighting
  5326 | D:6      | Reached *** piety under Okawaru
  5343 | D:6      | Reached skill level 4 in Fighting
  5365 | D:6      | You pick up a book of Vapours and begin reading...
  5365 | D:6      | You add the spells Poisonous Vapours and Corpse Rot to your
                  | library.
  5569 | D:7      | Reached XP level 9. HP: 85/85 MP: 8/8
  5600 | D:7      | Reached skill level 5 in Fighting
  5801 | D:7      | Found a blossoming altar of Fedhas.
  5812 | D:7      | Noticed an oklob plant
  5876 | D:7      | Killed an oklob plant
  5876 | D:7      | Reached **** piety under Okawaru
  5877 | D:7      | Reached skill level 6 in Fighting
  6091 | D:8      | Noticed a two-headed ogre
  6102 | D:8      | Killed a two-headed ogre
  6103 | D:8      | Reached skill level 7 in Fighting
  6107 | D:8      | Reached skill level 8 in Fighting
  6350 | D:8      | Found a runed translucent gate.
  6350 | D:8      | Found a runed translucent gate.
  6351 | D:8      | Found a runed translucent gate.
  6357 | D:8      | Noticed tasumai's ghost (novice GrBe)
  6634 | D:8      | Reached XP level 10. HP: 48/106 MP: 9/9
  6650 | D:8      | HP: 26/106 [killer bee (4)]
  6653 | D:8      | HP: 12/106 [killer bee (5)]
  6658 | D:8      | HP: 6/106 [poisoned by a killer bee]
  6663 | D:8      | HP: 6/106 [poisoned by a killer bee]
  6806 | D:8      | Found a snail-covered altar of Cheibriados.
  7193 | D:9      | Reached skill level 9 in Fighting
  7203 | D:9      | HP: 25/107 [poisoned by a killer bee]
  7207 | D:9      | HP: 11/107 [killer bee (2)]
  7212 | D:9      | HP: 8/107 [poisoned by a killer bee]
  7383 | D:9      | You fall into a shaft and drop 1 floor!
  7383 | D:10     | Entered Level 10 of the Dungeon
  7402 | D:10     | Noticed a gargoyle
  7415 | D:10     | Killed a gargoyle
  7415 | D:10     | Reached ***** piety under Okawaru
  7422 | D:10     | HP: 24/107 [poisoned by a killer bee]
  7423 | D:10     | HP: 5/107 [killer bee (8)]
  7425 | D:10     | HP: 2/107 [killer bee (6)]
  7425 | D:10     | Slain by a killer bee

Vanquished Creatures
  A two-headed ogre (D:8)
  An oklob plant (D:7)
  A gargoyle (D:10)
  Sigmund (D:3)
  2 steam dragons
  2 water moccasins
  2 ice beasts (D:7)
  4 black bears
  A sky beast (D:8)
  3 centaurs
  2 kobold brigands (D:8)
  2 bullfrogs
  3 necrophages
  4 scorpions
  3 wights (D:8)
  11 killer bees
  6 hounds
  Crazy Yiuf (D:3)
  3 jellies (D:5)
  Jessica (D:3)
  Terence (D:2)
  3 iguanas
  Robin (D:2)
  10 gnolls
  9 adders
  3 shadow imps
  2 white imps (D:5)
  2 ufetubi
  4 worms
  3 dart slugs
  16 orcs
  4 ball pythons (D:1)
  3 bats
  7 endoplasms
  2 giant cockroaches
  14 goblins
  12 hobgoblins
  2 jackals (D:1)
  2 quokkas
  2 frilled lizards
  14 kobolds
  4 rats
174 creatures vanquished.

Vanquished Creatures (others)
  2 fungi (D:7)
  25 plants
  13 toadstools (D:7)
40 creatures vanquished.

Grand Total: 214 creatures vanquished

Table legend:
 A = Non-vault XP
 B = Vault XP
 C = Vault XP percentage of total XP
 D = Non-vault monster count
 E = Vault monster count
 F = Vault count percentage of total count
                 A         B        C        D         E       F
            +---------+---------+-------+---------+---------+-------
      Total |    5728 |    1322 |  18.8 |     150 |      24 |  13.8
            +---------+---------+-------+---------+---------+-------
        D:1 |      41 |       0 |   0.0 |      24 |       0 |   0.0
        D:2 |      89 |      68 |  43.3 |      18 |      11 |  37.9
        D:3 |      86 |     293 |  77.3 |      13 |       3 |  18.8
        D:4 |     347 |       0 |   0.0 |      16 |       0 |   0.0
        D:5 |     569 |     226 |  28.4 |      21 |       6 |  22.2
        D:6 |    1022 |       0 |   0.0 |      14 |       0 |   0.0
        D:7 |     512 |     730 |  58.8 |       6 |       3 |  33.3
        D:8 |    2196 |       5 |   0.2 |      31 |       1 |   3.1
        D:9 |     356 |       0 |   0.0 |       5 |       0 |   0.0
       D:10 |     510 |       0 |   0.0 |       2 |       0 |   0.0
            +---------+---------+-------+---------+---------+-------

Illustrated notes

Table legend:
 A = Kills in this place as a percentage of kills in entire the game.
 B = Kills by you in this place as a percentage of kills by you in the entire game.
 C = Kills by friends in this place as a percentage of kills by friends in the entire game.
 D = Other kills in this place as a percentage of other kills in the entire game.
 E = Experience gained in this place as a percentage of experience gained in the entire game.
 F = Experience gained in this place divided by the number of levels of this place that you have seen.
                   A       B       C       D       E      F
               +-------+-------+-------+-------+-------+----------------------
         Total | 100.0 | 100.0 |   N/A |   N/A | 100.0 | 705.0
       Dungeon | 100.0 | 100.0 |   N/A |   N/A | 100.0 | 705.0
               +-------+-------+-------+-------+-------+----------------------

Table legend: (Time is in decaauts)
 A = Elapsed time spent in this place.
 B = Non-inter-level travel time spent in this place.
 C = Inter-level travel time spent in this place.
 D = Time resting spent in this place.
 E = Time spent auto-exploring this place.
 F = Levels seen in this place.
 G = Mean time per level.
                   A        B        C        D        E       F      G
               +--------+--------+--------+--------+--------+-----+--------+
         Total |   7437 |   7038 |    399 |    386 |   5550 |  10 |  743.7 |
       Dungeon |   7437 |   7038 |    399 |    386 |   5550 |  10 |  743.7 |
               +--------+--------+--------+--------+--------+-----+--------+

Top non-repeatable levels by time:
     D:3: 1185 daAuts
     D:2: 1108 daAuts
     D:5: 1091 daAuts
     D:8: 1057 daAuts
     D:4: 846 daAuts
     D:1: 703 daAuts
     D:6: 623 daAuts
     D:7: 544 daAuts
     D:9: 237 daAuts
    D:10: 39 daAuts
